AoeStats
← Goose2210

Arena

510833825Analyzed
2v2 RM · 13h ago on Oct 2, 2026· 36m 57s· 4 players
Game mode
Random Map
Map size
Medium (4 player)
Population
200
Speed
Normal
Resources
Standard
Victory
Conquest
Starting age
Dark Age
Ending age
Imperial Age
RankedLock teamsTeams togetherTeam positionsShared explorationLock speedFull tech treeHidden civsTurbo modeCheats
Victory
Defeat
🇨🇴 Spanish · Colombia
1227
+16
🇬🇧 Danes · United Kingdom
1225
+16
🇨🇴 Burgundians · Colombia
1226
-16
🇨🇴 Wu · Colombia
1226
-16
Rdog998
10:33 Feudal Age
14:13 Castle Age
12:00 Double-Bit Axe
13:15 Horse Collar
16:12 Bow Saw
22:20 Wheelbarrow
22:33 Stone Mining
23:19 Heavy Plow
23:15 Loom
25:06 Stone Shaft Mining
24:56 Hand Cart
25:30 Scale Mail Armor
29:57 Imperial Age
27:22 Gold Mining
28:23 Chain Mail Armor
30:37 Onager
31:44 Gambesons
32:00 Squires
32:31 Plate Mail Armor
32:53 Siege Engineers
35:18 Forging
34:48 Siege Onager
36:03 Masonry
36:51 Iron Casting
36:18 Town Watch
36:51 Northmen's Fury
molina_229
10:54 Feudal Age
14:55 Castle Age
13:37 Double-Bit Axe
14:27 Town Watch
16:32 Bow Saw
23:02 Padded Archer Armor
24:22 Leather Archer Armor
26:16 Bloodlines
26:59 Gold Mining
26:55 Horse Collar
27:20 Loom
28:05 Husbandry
30:46 Wheelbarrow
34:33 Imperial Age
33:01 Scale Barding Armor
33:07 Forging
33:07 Heavy Plow
32:59 Stone Mining
33:23 Fletching
34:15 Chain Barding Armor
35:59 Ring Archer Armor
36:07 Iron Casting
36:04 Hand Cart
36:06 Cavalier
38:08 Plate Barding Armor
Goose2210
5:13 Double-Bit Axe
10:31 Feudal Age
13:17 Bow Saw
15:10 Castle Age
13:45 Horse Collar
15:36 Light Cavalry
22:13 Heavy Plow
22:06 Gold Mining
25:51 Wheelbarrow
26:46 Gold Shaft Mining
26:05 Stone Mining
29:13 Imperial Age
27:41 Husbandry
27:34 Treadmill Crane
29:00 Two-Man Saw
28:56 Crop Rotation
29:04 Stone Shaft Mining
29:33 Hand Cart
31:09 Chemistry
31:33 Hussar
34:00 Scale Barding Armor
34:46 Forging
andrewyroj
10:12 Feudal Age
15:38 Castle Age
13:25 Loom
15:54 Fletching
18:50 Crossbowman
19:38 Padded Archer Armor
20:15 Double-Bit Axe
22:20 Bodkin Arrow
24:07 Leather Archer Armor
26:46 Gold Mining
27:37 Ballistics
30:39 Imperial Age
31:04 Bow Saw
30:36 Horse Collar
31:51 Wheelbarrow
31:57 Wheelbarrow
30:49 Arbalester
32:51 Bracer
34:01 Elite Fire Archer
36:40 Chemistry
Connection lost

Rejoining the realm…

Still unreachable

The connection could not be restored.

Session expired

The server has moved on; the page needs a fresh start.